 Dungeon Crawl Stone Soup version 0.29-a0-885-gb26ba3297d (webtiles) character file.

Game seed: 347397961996583521

84 dolemite99 the Poker (level 4, -1/36 HPs)
             Began as a Demonspawn Berserker on July 21, 2022.
             Was a Follower of Trog.
             Slain by a goblin
             ... wielding a +0 dagger
             ... led by Robin
              (4 damage)
             ... on level 2 of the Dungeon.
             The game lasted 00:02:05 (2490 turns).

dolemite99 the Poker (Demonspawn Berserker)         Turns: 2490, Time: 00:02:06

Health: -1/36      AC:  6    Str: 19    XL:     4   Next: 24%
Magic:  4/4        EV: 11    Int:  8    God:    Trog [*.....]
Gold:   90         SH:  0    Dex: 13    Spells: 3/3 levels left

rFire   . . .      SeeInvis .   a - +0 trident
rCold   . . .      Faith    .   (no shield)
rNeg    . . .      Spirit   .   e - +0 ring mail
rPois   .          Reflect  .   (helmet restricted)
rElec   .          Harm     .   (no cloak)
rCorr   .          Rampage  .   (no gloves)
Will    .....                   (no boots)
Stlth   +.........              (no amulet)
HPRegen 0.12/turn               (no ring)
MPRegen 0.09/turn               (no ring)

@: on berserk cooldown, slowed, very slow
A: antennae 1, rugged brown scales 1
a: Renounce Religion, Berserk


You were on level 2 of the Dungeon.
You worshipped Trog.
Trog was aware of your devotion.
You visited 1 branch of the dungeon, and saw 2 of its levels.

You collected 90 gold pieces.

Inventory:

Hand Weapons
 a - a +0 trident (weapon)
 h - a +0 sling
 l - a +1 spear
 m - a +0 sling
Armour
 b - a +0 animal skin
 e - a +0 ring mail (worn)
 j - a +2 helmet
Jewellery
 i - a ring of positive energy
Scrolls
 c - a scroll of amnesia
 n - a scroll of fog {unknown}
 o - a scroll of enchant armour {unknown}
Potions
 d - 5 potions of heal wounds
 f - 2 potions of magic {unknown}
 g - a potion of flight {unknown}
 k - a potion of resistance {unknown}


   Skills:
 - Level 3.0 Fighting
 + Level 4.6 Polearms
 - Level 1.7 Armour
 - Level 1.7 Dodging


You had 3 spell levels left.
You didn't know any spells.
Your spell library was empty.

Dungeon Overview and Level Annotations

Branches:
Dungeon (2/15)

Altars:


Innate Abilities, Weirdness & Mutations

You have a pair of small antennae on your head.
You are partially covered in rugged brown scales. (AC +1, +3% HP)


Message History

Trog accepts your kill. The goblin barely misses you.
Robin hits you from afar with a +0 spear.
You see here a +0 club.
You puncture Robin!
You kill Robin!
Trog accepts your kill.
You barely miss the goblin.
The goblin no longer looks unusually strong.
The goblin hits you but does no damage. The goblin hits you with a +0 club.
* * * LOW HITPOINT WARNING * * *
You puncture the goblin!
You kill the goblin!
Trog accepts your kill.
You impale the goblin!!
You kill the goblin!
Trog accepts your kill.
You hit the goblin.
The goblin is heavily wounded.
The goblin hits you with a +0 dagger.
* * * LOW HITPOINT WARNING * * *
You hit the goblin.
You kill the goblin!
Trog accepts your kill. The goblin hits you with a +0 club.
* * * LOW HITPOINT WARNING * * *
Items here: ))) [[ †.
You puncture the goblin!
You kill the goblin!
Trog accepts your kill.
You are no longer berserk.
You are exhausted.
You feel yourself slow down. The goblin hits you with a +0 dagger.
* * * LOW HITPOINT WARNING * * *
Things that are here:
a +0 club; a +0 sling; 6 stones You closely miss the goblin.
Your punch misses the goblin. The goblin barely misses you.
The goblin hits you but does no damage.
You barely miss the goblin. The goblin hits you with a +0 dagger.
You die...

..)..# #..#
.....# ##.#
.....# #.##
.....# #
#..# .....#
.####)#
.....#
..##)#
....## #
...#)# ....#
#$##..#)#
##### . #
...##@# #
...######.g#
#..........#
##........#
####!....#
....####.# .
###.....#
#........#
..g......##


You could see a goblin (strong).

Vanquished Creatures
  Robin (D:2)
  3 adders (D:2)
  A worm (D:2)
  A dart slug (D:1)
  3 endoplasms
  11 goblins
  3 hobgoblins
  2 jackals (D:2)
  3 kobolds
  3 quokkas
  2 ball pythons (D:1)
  A bat (D:1)
  2 frilled lizards (D:1)
  5 rats (D:1)
41 creatures vanquished.

Notes
Turn   | Place    | Note
-------+----------+-------------------------------------------
     0 | D:1      | dolemite99 the Demonspawn Berserker began the quest for the
                  | Orb.
     0 | D:1      | Reached XP level 1. HP: 18/18 MP: 1/1
    79 | D:1      | Reached skill level 3 in Polearms
   260 | D:1      | Gained mutation: You are partially covered in rugged brown
                  | scales. (AC +1, +3% HP) [demonic ancestry]
   260 | D:1      | Reached XP level 2. HP: 15/24 MP: 2/2
  1317 | D:2      | Gained mutation: You have a pair of small antennae on your
                  | head. [demonic ancestry]
  1317 | D:2      | Reached XP level 3. HP: 23/29 MP: 3/3
  2017 | D:2      | Found a faded altar of an unknown god.
  2055 | D:2      | Reached skill level 4 in Polearms
  2453 | D:2      | Identified the +1 helmet of Puanown {Slay+3 SInv}
  2453 | D:2      | Noticed Robin
  2474 | D:2      | Reached XP level 4. HP: 22/36 MP: 4/4
  2480 | D:2      | Killed Robin
  2490 | D:2      | Slain by a goblin

Illustrated notes

Levels and vault maps discovered:
D:1:      lightli_iron_boxes, layout_rooms, serial_corexii_hall,
          corexii_hall_statues_u, corexii_hall_statues_u,
          corexii_hall_statues_i, corexii_hall_statues_x,
          chequers_hall_statues_corner_a, corexii_hall_statues_x
D:2:      layout_basic, hellmonk_ecumenical_altar_zigzags, minmay_puff,
          uniq_robin

Skill      XL: |  1  2  3 |
---------------+----------+-----
Polearms       | 3 4 |  4.6
Fighting       | |  3.0
Armour         | |  1.7
Dodging        | |  1.7

Action                   |  1- 3 |  4- 6 || total
-------------------------+-------+-------++-------
Melee: Spear             |    83 |       ||    83
       Trident           |    36 |    12 ||    48
Invok: Berserk           |     4 |     1 ||     5
  Use: Scroll            |     4 |       ||     4
Armor: Ring mail         |    53 |     3 ||    56
Dodge: Dodged            |    57 |     7 ||    64

Table legend: (Time is in decaauts)
 A = Elapsed time spent in this place.
 B = Non-inter-level travel time spent in this place.
 C = Inter-level travel time spent in this place.
 D = Time resting spent in this place.
 E = Time spent auto-exploring this place.
 F = Levels seen in this place.
 G = Mean time per level.
                   A        B        C        D        E       F      G
               +--------+--------+--------+--------+--------+-----+--------+
         Total |   2517 |   2514 |      3 |   1038 |   1116 |   2 | 1258.5 |
       Dungeon |   2517 |   2514 |      3 |   1038 |   1116 |   2 | 1258.5 |
               +--------+--------+--------+--------+--------+-----+--------+

Top non-repeatable levels by time:
     D:2: 1341 daAuts
     D:1: 1175 daAuts
